Connexion

Monsters vs Phantoms

Created - 20 février 2024 at 06:02

Goals
1 2 3 T
Monsters 1 3 2 6
Phantoms 1 0 0 1
Shots
1 2 3 T
Monsters 8 17 15 40
Phantoms 10 8 6 24

GoalsPenalties
1st period
1. Monsters , Carsen Twarynski 11 (Adam Ginning 36, Nicolas Petan 44) at 7:39
2. Phantoms , Seth Griffith 29 (Patrick Sieloff 26) at 10:38
Sean Day (CLE) for Tripping (Minor) at 3:33
Logan Hutsko (ADI) for Holding (Minor) at 13:53
Dysin Mayo (CLE) for Slashing (Minor) at 16:44
2nd period
3. Monsters , Alex Formenton 33 (Sean Day 44, Dysin Mayo 29) at 0:54 (PP)
4. Monsters , Carsen Twarynski 12 (Anthony Angello 26, Nicolas Petan 45) at 6:35
5. Monsters , Chris Bigras 5 (Carsen Twarynski 10, Mitch Reinke 42) at 12:33
Manuel Wiederer (ADI) for Tripping (Minor) at 0:36
Mason Geertsen (CLE) for Tripping (Minor) at 1:04
3rd period
6. Monsters , Max Willman 11 (Dysin Mayo 30, Nathan Walker 7) at 7:32
7. Monsters , Nicolas Petan 36 (Mitch Reinke 43) at 9:00
Michael McCarron (ADI) for Interference (Minor) at 0:13
Lucas Wallmark (ADI) for High sticking (Minor) at 13:03
Jake Mccabe (ADI) for Delaying the game (Minor) at 13:46
Nathan Walker (CLE) for Holding (Minor) at 16:05
Goalie Stats
Kevin Mandolese (CLE), 23 saves from 24 shots - (0,958), W, 36-19-3, 60:00 minutes
Kevin Poulin (ADI), 15 saves from 19 shots - (0,789), L, 23-24-5, 32:33 minutes
David Honzik (ADI), 19 saves from 21 shots - (0,905), 27:27 minutes
3 StarsOfficial
1 - Carsen Twarynski (CLE)
2 - Nicolas Petan (CLE)
3 - Anthony Angello (CLE)
Referees : Chris Ciamaga and Kelly Sutherland
Linesman : Scott Driscoll and Jonny Murray
Game Note
David Honzik enters game at 12:33 of 2nd period
Finance
Level 1 -- Attendance: 1898 (94,90%) -- Ticket Income $66,430
Level 2 -- Attendance: 1000 (100,00%) -- Ticket Income $15,000
Total Attendance: 2898 (96,60%)
Total Ticket Income: $81,430
Other Income: $16,286
Total Income: $97,716



Team Name Goals Shots Shots Attemp Shots Blocked PIM HIT PP PK FO%
Monsters 6407158201 / 5 (20%)040%
Phantoms 124441410160 / 4 (0%)160%

Monsters
Player Name POS G A P +/- PIM HIT SHT SB MP PP MP PP SHT PK MP PK SHT FO% FOT
Adam GinningD0112003022:303:1033:4000% 0
Alex FormentonLW1010044124:523:5235:18025% 8
Andrew PoturalskiC/RW0000004119:283:5202:38033% 3
Anthony AngelloC/RW0114031018:123:0600:000100% 2
Blade JenkinsC/LW000001202:440:0000:00017% 6
Carsen TwarynskiLW2134004020:503:0612:380100% 1
Chris BigrasD1011011116:550:0002:2600% 0
Dysin MayoD0221232022:033:4823:1900% 0
Filip HallanderC/LW000000000:000:0000:0000% 0
Justin BaileyRW0000020014:180:0000:00033% 3
Mason GeertsenD0002231022:013:1003:1200% 0
Max WillmanC/LW1010006014:180:0000:00050% 12
Mitch ReinkeD0221012014:290:0000:0000% 0
Nathan WalkerLW0110202014:170:0000:0000% 0
Nicholas AbruzzeseC/LW0000003022:083:5205:18060% 20
Nicolas PetanC/LW/RW1234003018:123:0600:00024% 25
Ryan FitzgeraldC/LW000000002:440:0000:0000% 0
Sean DayD0111222221:593:4813:1500% 0
Phantoms
Player Name POS G A P +/- PIM HIT SHT SB MP PP MP PP SHT PK MP PK SHT FO% FOT
Adam MascherinC/LW000-2001015:220:0000:0000% 0
Ben HarpurD0000021322:344:0203:1700% 0
Brett McKenzieLW000000005:040:0000:2800% 0
Curtis DouglasC000000000:000:0000:0000% 0
Jack RamseyD000-1000114:420:0001:1700% 0
Jake MccabeD000-3244223:073:5422:4700% 0
Jarred TinordiD0000010222:274:0203:1000% 0
Joshua JacobsD000-3001223:443:5413:2400% 0
Kerby RychelLW0000022016:113:5510:0000% 0
Logan HutskoRW000-2211016:430:0001:220100% 1
Lucas WallmarkC000-2200115:210:0000:00053% 15
Luke HenmanC000001104:360:0000:00071% 7
Manuel WiedererC/RW0000200016:103:5500:000100% 1
Michael McCarronC/RW000-2233017:374:0110:450100% 1
Patrick SieloffD011-1000213:250:0000:0000% 0
Seth GriffithC/LW/RW101-2007126:204:0114:51055% 33
Tyler SikuraC/LW000-2013018:224:0101:2900% 1
Victor RaskC0000010019:563:5503:45067% 21



Play-by-Play

1st period


0:01 of 1st period - Nicholas Abruzzese wins face-off versus Tyler Sikura in neutral zone.
0:04 of 1st period - Joshua Jacobs is hit by Alex Formenton and loses puck.
0:21 of 1st period - Shot by Seth Griffith.
0:21 of 1st period - Stopped by Kevin Mandolese with a rebound.
0:27 of 1st period - Shot by Seth Griffith.
0:27 of 1st period - Shot Misses the Net.
0:29 of 1st period - Shot by Joshua Jacobs.
0:29 of 1st period - Shot Hit the Post.
0:31 of 1st period - Shot by Seth Griffith.
0:31 of 1st period - Shot Misses the Net.
0:33 of 1st period - Shot by Seth Griffith.
0:33 of 1st period - Shot Blocked by Alex Formenton.
0:35 of 1st period - Shot by Jake Mccabe.
0:35 of 1st period - Stopped by Kevin Mandolese without a rebound.
0:36 of 1st period - Manuel Wiederer wins face-off versus Nicolas Petan in Monsters zone.
0:36 of 1st period - Ben Harpur is hit by Mason Geertsen and loses puck.
1:05 of 1st period - Kerby Rychel is hit by Anthony Angello and loses puck.
2:08 of 1st period - Shot by Justin Bailey.
2:08 of 1st period - Shot Blocked by Jack Ramsey.
2:29 of 1st period - Icing by Alex Formenton.
2:30 of 1st period - Nicholas Abruzzese wins face-off versus Seth Griffith in Monsters zone.
2:30 of 1st period - Nicholas Abruzzese is hit by Tyler Sikura.
2:46 of 1st period - Tyler Sikura is hit by Dysin Mayo and loses puck.
2:51 of 1st period - Shot by Seth Griffith.
2:51 of 1st period - Shot Misses the Net.
2:53 of 1st period - Shot by Tyler Sikura.
2:53 of 1st period - Stopped by Kevin Mandolese without a rebound.
2:54 of 1st period - Victor Rask wins face-off versus Blade Jenkins in Monsters zone.
2:58 of 1st period - Icing by Adam Ginning.
2:59 of 1st period - Luke Henman wins face-off versus Blade Jenkins in Monsters zone.
3:04 of 1st period - Shot by Seth Griffith.
3:04 of 1st period - Stopped by Kevin Mandolese without a rebound.
3:05 of 1st period - Seth Griffith wins face-off versus Nicolas Petan in Monsters zone.
3:05 of 1st period - Seth Griffith is hit by Dysin Mayo.
3:28 of 1st period - Shot by Michael McCarron.
3:28 of 1st period - Stopped by Kevin Mandolese with a rebound.
3:33 of 1st period - Minor Penalty to Sean Day for Tripping.
3:34 of 1st period - Victor Rask wins face-off versus Alex Formenton in Monsters zone.
3:46 of 1st period - Icing by Manuel Wiederer.
3:47 of 1st period - Victor Rask wins face-off versus Alex Formenton in Phantoms zone.
4:20 of 1st period - Shot by Victor Rask.
4:20 of 1st period - Shot Misses the Net.
5:35 of 1st period - Shot by Nicholas Abruzzese.
5:35 of 1st period - Stopped by Kevin Poulin without a rebound.
5:36 of 1st period - Lucas Wallmark wins face-off versus Justin Bailey in Phantoms zone.
5:38 of 1st period - Icing by Adam Mascherin.
5:39 of 1st period - Lucas Wallmark wins face-off versus Max Willman in Phantoms zone.
5:58 of 1st period - Shot by Mitch Reinke.
5:58 of 1st period - Stopped by Kevin Poulin with a rebound.
6:00 of 1st period - Shot by Max Willman.
6:00 of 1st period - Shot Blocked by Lucas Wallmark.
6:11 of 1st period - Icing by Lucas Wallmark.
6:12 of 1st period - Lucas Wallmark wins face-off versus Alex Formenton in Phantoms zone.
6:36 of 1st period - Shot by Nicholas Abruzzese.
6:36 of 1st period - Shot Blocked by Patrick Sieloff.
7:31 of 1st period - Shot by Nicolas Petan.
7:31 of 1st period - Stopped by Kevin Poulin with a rebound.
7:33 of 1st period - Shot by Anthony Angello.
7:33 of 1st period - Deflect By Nicolas Petan.
7:33 of 1st period - Shot Misses the Net.
7:35 of 1st period - Shot by Carsen Twarynski.
7:35 of 1st period - Shot Misses the Net.
7:37 of 1st period - Shot by Adam Ginning.
7:37 of 1st period - Shot Misses the Net.
7:39 of 1st period - Shot by Carsen Twarynski.
7:39 of 1st period - Goal by Carsen Twarynski - Monsters : 1 - Phantoms : 0.
7:40 of 1st period - Max Willman wins face-off versus Victor Rask in neutral zone.
8:01 of 1st period - Shot by Nathan Walker.
8:01 of 1st period - Stopped by Kevin Poulin without a rebound.
8:02 of 1st period - Luke Henman wins face-off versus Blade Jenkins in Phantoms zone.
8:02 of 1st period - Luke Henman is hit by Blade Jenkins.
8:08 of 1st period - Shot by Seth Griffith.
8:08 of 1st period - Stopped by Kevin Mandolese without a rebound.
8:09 of 1st period - Andrew Poturalski wins face-off versus Lucas Wallmark in Monsters zone.
10:09 of 1st period - Kerby Rychel is hit by Chris Bigras and loses puck.
10:38 of 1st period - Shot by Seth Griffith.
10:38 of 1st period - Goal by Seth Griffith - Monsters : 1 - Phantoms : 1.
10:39 of 1st period - Michael McCarron wins face-off versus Nicholas Abruzzese in neutral zone.
10:42 of 1st period - Andrew Poturalski is hit by Michael McCarron and loses puck.
11:46 of 1st period - Icing by Jack Ramsey.
11:47 of 1st period - Seth Griffith wins face-off versus Blade Jenkins in Phantoms zone.
11:47 of 1st period - Seth Griffith is hit by Alex Formenton.
11:58 of 1st period - Icing by Mitch Reinke.
11:59 of 1st period - Victor Rask wins face-off versus Blade Jenkins in Monsters zone.
12:04 of 1st period - Shot by Kerby Rychel.
12:04 of 1st period - Deflect By Victor Rask.
12:04 of 1st period - Shot Misses the Net.
12:43 of 1st period - Anthony Angello is hit by Jarred Tinordi.
13:25 of 1st period - Jake Mccabe is hit by Anthony Angello and loses puck.
13:47 of 1st period - Logan Hutsko is hit by Sean Day and loses puck.
13:53 of 1st period - Minor Penalty to Logan Hutsko for Holding.
13:54 of 1st period - Nicholas Abruzzese wins face-off versus Seth Griffith in Phantoms zone.
14:05 of 1st period - Shot by Andrew Poturalski.
14:05 of 1st period - Shot Misses the Net.
14:50 of 1st period - Shot by Carsen Twarynski.
14:50 of 1st period - Stopped by Kevin Poulin without a rebound.
14:51 of 1st period - Nicholas Abruzzese wins face-off versus Seth Griffith in Phantoms zone.
14:52 of 1st period - Shot by Dysin Mayo.
14:52 of 1st period - Shot Misses the Net.
14:54 of 1st period - Shot by Andrew Poturalski.
14:54 of 1st period - Shot Blocked by Jake Mccabe.
14:56 of 1st period - Shot by Sean Day.
14:56 of 1st period - Stopped by Kevin Poulin without a rebound.
14:57 of 1st period - Nicholas Abruzzese wins face-off versus Seth Griffith in Phantoms zone.
15:04 of 1st period - Shot by Alex Formenton.
15:04 of 1st period - Shot Blocked by Joshua Jacobs.
15:48 of 1st period - Seth Griffith is hit by Anthony Angello and loses puck.
16:19 of 1st period - Shot by Adam Mascherin.
16:19 of 1st period - Stopped by Kevin Mandolese without a rebound.
16:20 of 1st period - Seth Griffith wins face-off versus Nicolas Petan in Monsters zone.
16:27 of 1st period - Shot by Seth Griffith.
16:27 of 1st period - Stopped by Kevin Mandolese with a rebound.
16:31 of 1st period - Shot by Tyler Sikura.
16:31 of 1st period - Shot Blocked by Sean Day.
16:37 of 1st period - Shot by Tyler Sikura.
16:37 of 1st period - Shot Misses the Net.
16:44 of 1st period - Minor Penalty to Dysin Mayo for Slashing.
16:45 of 1st period - Nicholas Abruzzese wins face-off versus Victor Rask in Monsters zone.
16:51 of 1st period - Icing by Joshua Jacobs.
16:52 of 1st period - Alex Formenton wins face-off versus Victor Rask in Phantoms zone.
17:03 of 1st period - Shot by Joshua Jacobs.
17:03 of 1st period - Stopped by Kevin Mandolese without a rebound.
17:04 of 1st period - Nicholas Abruzzese wins face-off versus Seth Griffith in Monsters zone.
17:52 of 1st period - Icing by Michael McCarron.
17:53 of 1st period - Carsen Twarynski wins face-off versus Seth Griffith in Phantoms zone.
17:56 of 1st period - Shot by Carsen Twarynski.
17:56 of 1st period - Shot Misses the Net.
18:13 of 1st period - Icing by Jake Mccabe.
18:14 of 1st period - Alex Formenton wins face-off versus Victor Rask in Phantoms zone.
18:49 of 1st period - Shot by Max Willman.
18:49 of 1st period - Stopped by Kevin Poulin without a rebound.
18:50 of 1st period - Nicolas Petan wins face-off versus Lucas Wallmark in Phantoms zone.
19:56 of 1st period - Shot by Nathan Walker.
19:56 of 1st period - Shot Misses the Net.
Goals for this period are 1 for Monsters vs 1 for Phantoms.
Shots for this period are 8 for Monsters vs 10 for Phantoms.

2nd period


0:01 of 2nd period - Nicholas Abruzzese wins face-off versus Seth Griffith in neutral zone.
0:18 of 2nd period - Shot by Tyler Sikura.
0:18 of 2nd period - Stopped by Kevin Mandolese without a rebound.
0:19 of 2nd period - Nicolas Petan wins face-off versus Victor Rask in Monsters zone.
0:21 of 2nd period - Icing by Carsen Twarynski.
0:22 of 2nd period - Seth Griffith wins face-off versus Nicolas Petan in Monsters zone.
0:34 of 2nd period - Icing by Adam Ginning.
0:35 of 2nd period - Anthony Angello wins face-off versus Victor Rask in Monsters zone.
0:35 of 2nd period - Anthony Angello is hit by Victor Rask.
0:36 of 2nd period - Minor Penalty to Manuel Wiederer for Tripping.
0:37 of 2nd period - Seth Griffith wins face-off versus Nicholas Abruzzese in Phantoms zone.
0:54 of 2nd period - Shot by Alex Formenton.
0:54 of 2nd period - Goal by Alex Formenton - Monsters : 2 - Phantoms : 1.
0:55 of 2nd period - Seth Griffith wins face-off versus Nicolas Petan in neutral zone.
1:03 of 2nd period - Icing by Adam Ginning.
1:04 of 2nd period - Victor Rask wins face-off versus Nicolas Petan in Monsters zone.
1:04 of 2nd period - Minor Penalty to Mason Geertsen for Tripping.
1:05 of 2nd period - Seth Griffith wins face-off versus Alex Formenton in Monsters zone.
1:22 of 2nd period - Shot by Seth Griffith.
1:22 of 2nd period - Stopped by Kevin Mandolese with a rebound.
1:24 of 2nd period - Shot by Jake Mccabe.
1:24 of 2nd period - Stopped by Kevin Mandolese with a rebound.
1:26 of 2nd period - Shot by Tyler Sikura.
1:26 of 2nd period - Shot Misses the Net.
1:28 of 2nd period - Shot by Jake Mccabe.
1:28 of 2nd period - Deflect By Michael McCarron.
1:28 of 2nd period - Shot Misses the Net.
1:30 of 2nd period - Shot by Michael McCarron.
1:30 of 2nd period - Stopped by Kevin Mandolese without a rebound.
1:31 of 2nd period - Victor Rask wins face-off versus Alex Formenton in Monsters zone.
1:50 of 2nd period - Shot by Ben Harpur.
1:50 of 2nd period - Shot Misses the Net.
1:52 of 2nd period - Shot by Jarred Tinordi.
1:52 of 2nd period - Shot Misses the Net.
1:54 of 2nd period - Shot by Kerby Rychel.
1:54 of 2nd period - Stopped by Kevin Mandolese with a rebound.
1:56 of 2nd period - Shot by Victor Rask.
1:56 of 2nd period - Shot Misses the Net.
1:58 of 2nd period - Shot by Jarred Tinordi.
1:58 of 2nd period - Shot Misses the Net.
2:37 of 2nd period - Shot by Seth Griffith.
2:37 of 2nd period - Shot Blocked by Sean Day.
4:09 of 2nd period - Shot by Brett McKenzie.
4:09 of 2nd period - Shot Blocked by Chris Bigras.
4:14 of 2nd period - Luke Henman is hit by Mitch Reinke and loses puck.
5:16 of 2nd period - Shot by Nicolas Petan.
5:16 of 2nd period - Stopped by Kevin Poulin without a rebound.
5:17 of 2nd period - Max Willman wins face-off versus Lucas Wallmark in Phantoms zone.
5:18 of 2nd period - Shot by Justin Bailey.
5:18 of 2nd period - Deflect By Max Willman.
5:18 of 2nd period - Stopped by Kevin Poulin without a rebound.
5:19 of 2nd period - Lucas Wallmark wins face-off versus Max Willman in Phantoms zone.
5:49 of 2nd period - Nathan Walker is hit by Logan Hutsko.
6:35 of 2nd period - Shot by Carsen Twarynski.
6:35 of 2nd period - Goal by Carsen Twarynski - Monsters : 3 - Phantoms : 1.
6:36 of 2nd period - Victor Rask wins face-off versus Nicholas Abruzzese in neutral zone.
7:32 of 2nd period - Off-side.
7:33 of 2nd period - Luke Henman wins face-off versus Nicolas Petan in neutral zone.
7:48 of 2nd period - Shot by Seth Griffith.
7:48 of 2nd period - Deflect By Luke Henman.
7:48 of 2nd period - Stopped by Kevin Mandolese with a rebound.
7:50 of 2nd period - Shot by Seth Griffith.
7:50 of 2nd period - Stopped by Kevin Mandolese without a rebound.
7:51 of 2nd period - Lucas Wallmark wins face-off versus Max Willman in Monsters zone.
8:10 of 2nd period - Shot by Nathan Walker.
8:10 of 2nd period - Shot Misses the Net.
8:12 of 2nd period - Shot by Max Willman.
8:12 of 2nd period - Deflect By Nathan Walker.
8:12 of 2nd period - Stopped by Kevin Poulin without a rebound.
8:13 of 2nd period - Seth Griffith wins face-off versus Nicolas Petan in Phantoms zone.
8:34 of 2nd period - Carsen Twarynski is hit by Michael McCarron and loses puck.
9:29 of 2nd period - Manuel Wiederer is hit by Alex Formenton.
9:41 of 2nd period - Shot by Kerby Rychel.
9:41 of 2nd period - Stopped by Kevin Mandolese with a rebound.
9:51 of 2nd period - Shot by Nicholas Abruzzese.
9:51 of 2nd period - Stopped by Kevin Poulin with a rebound.
10:13 of 2nd period - Shot by Max Willman.
10:13 of 2nd period - Stopped by Kevin Poulin without a rebound.
10:14 of 2nd period - Blade Jenkins wins face-off versus Lucas Wallmark in Phantoms zone.
10:25 of 2nd period - Shot by Blade Jenkins.
10:25 of 2nd period - Stopped by Kevin Poulin without a rebound.
10:26 of 2nd period - Seth Griffith wins face-off versus Justin Bailey in Phantoms zone.
12:02 of 2nd period - Shot by Nicholas Abruzzese.
12:02 of 2nd period - Shot Blocked by Patrick Sieloff.
12:09 of 2nd period - Icing by Jack Ramsey.
12:10 of 2nd period - Nicolas Petan wins face-off versus Lucas Wallmark in Phantoms zone.
12:29 of 2nd period - Shot by Mitch Reinke.
12:29 of 2nd period - Stopped by Kevin Poulin with a rebound.
12:31 of 2nd period - Shot by Carsen Twarynski.
12:31 of 2nd period - Stopped by Kevin Poulin with a rebound.
12:33 of 2nd period - Shot by Chris Bigras.
12:33 of 2nd period - Goal by Chris Bigras - Monsters : 4 - Phantoms : 1.
12:33 of 2nd period - David Honzik enters game.
12:34 of 2nd period - Justin Bailey wins face-off versus Seth Griffith in neutral zone.
12:37 of 2nd period - Joshua Jacobs is hit by Justin Bailey and loses puck.
13:43 of 2nd period - Off-side.
13:44 of 2nd period - Nicholas Abruzzese wins face-off versus Luke Henman in neutral zone.
14:25 of 2nd period - Icing by Nicholas Abruzzese.
14:26 of 2nd period - Victor Rask wins face-off versus Nicholas Abruzzese in Monsters zone.
14:47 of 2nd period - Mitch Reinke is hit by Kerby Rychel and loses puck.
15:02 of 2nd period - Shot by Chris Bigras.
15:02 of 2nd period - Shot Blocked by Joshua Jacobs.
15:04 of 2nd period - Shot by Anthony Angello.
15:04 of 2nd period - Stopped by David Honzik without a rebound.
15:05 of 2nd period - Max Willman wins face-off versus Lucas Wallmark in Phantoms zone.
15:16 of 2nd period - Shot by Max Willman.
15:16 of 2nd period - Stopped by David Honzik without a rebound.
15:17 of 2nd period - Seth Griffith wins face-off versus Nicolas Petan in Phantoms zone.
16:18 of 2nd period - Shot by Nicholas Abruzzese.
16:18 of 2nd period - Shot Blocked by Ben Harpur.
16:20 of 2nd period - Shot by Alex Formenton.
16:20 of 2nd period - Shot Blocked by Jarred Tinordi.
16:24 of 2nd period - Shot by Andrew Poturalski.
16:24 of 2nd period - Stopped by David Honzik without a rebound.
16:25 of 2nd period - Victor Rask wins face-off versus Max Willman in Phantoms zone.
16:47 of 2nd period - Kerby Rychel is hit by Dysin Mayo and loses puck.
18:31 of 2nd period - Icing by Patrick Sieloff.
18:32 of 2nd period - Lucas Wallmark wins face-off versus Max Willman in Phantoms zone.
18:51 of 2nd period - Shot by Max Willman.
18:51 of 2nd period - Stopped by David Honzik without a rebound.
18:52 of 2nd period - Seth Griffith wins face-off versus Nicolas Petan in Phantoms zone.
19:04 of 2nd period - Anthony Angello is hit by Ben Harpur and loses puck.
19:09 of 2nd period - Shot by Nicolas Petan.
19:09 of 2nd period - Shot Misses the Net.
19:16 of 2nd period - Icing by Ben Harpur.
19:17 of 2nd period - Seth Griffith wins face-off versus Nicholas Abruzzese in Phantoms zone.
19:22 of 2nd period - Andrew Poturalski is hit by Michael McCarron and loses puck.
19:45 of 2nd period - Shot by Andrew Poturalski.
19:45 of 2nd period - Stopped by David Honzik with a rebound.
19:47 of 2nd period - Shot by Dysin Mayo.
19:47 of 2nd period - Shot Misses the Net.
19:49 of 2nd period - Shot by Nicholas Abruzzese.
19:49 of 2nd period - Shot Blocked by Ben Harpur.
19:51 of 2nd period - Shot by Sean Day.
19:51 of 2nd period - Stopped by David Honzik without a rebound.
19:52 of 2nd period - Lucas Wallmark wins face-off versus Nicolas Petan in Phantoms zone.
Goals for this period are 3 for Monsters vs 0 for Phantoms.
Shots for this period are 17 for Monsters vs 8 for Phantoms.

3rd period


0:01 of 3rd period - Seth Griffith wins face-off versus Nicholas Abruzzese in neutral zone.
0:08 of 3rd period - Shot by Michael McCarron.
0:08 of 3rd period - Deflect By Tyler Sikura.
0:08 of 3rd period - Stopped by Kevin Mandolese with a rebound.
0:13 of 3rd period - Minor Penalty to Michael McCarron for Interference.
0:14 of 3rd period - Nicolas Petan wins face-off versus Seth Griffith in Phantoms zone.
0:17 of 3rd period - Shot by Adam Ginning.
0:17 of 3rd period - Shot Misses the Net.
1:19 of 3rd period - Shot by Alex Formenton.
1:19 of 3rd period - Shot Blocked by Ben Harpur.
1:25 of 3rd period - Shot by Andrew Poturalski.
1:25 of 3rd period - Shot Misses the Net.
1:27 of 3rd period - Shot by Dysin Mayo.
1:27 of 3rd period - Shot Misses the Net.
1:29 of 3rd period - Shot by Alex Formenton.
1:29 of 3rd period - Stopped by David Honzik without a rebound.
1:30 of 3rd period - Nicholas Abruzzese wins face-off versus Seth Griffith in Phantoms zone.
1:58 of 3rd period - Shot by Dysin Mayo.
1:58 of 3rd period - Stopped by David Honzik without a rebound.
1:59 of 3rd period - Anthony Angello wins face-off versus Seth Griffith in Phantoms zone.
2:21 of 3rd period - Patrick Sieloff is hit by Justin Bailey and loses puck.
3:32 of 3rd period - Mason Geertsen is hit by Jake Mccabe and loses puck.
4:00 of 3rd period - Adam Ginning is hit by Kerby Rychel and loses puck.
4:40 of 3rd period - Shot by Andrew Poturalski.
4:40 of 3rd period - Stopped by David Honzik with a rebound.
6:10 of 3rd period - Shot by Sean Day.
6:10 of 3rd period - Deflect By Blade Jenkins.
6:10 of 3rd period - Stopped by David Honzik without a rebound.
6:11 of 3rd period - Victor Rask wins face-off versus Nicolas Petan in Phantoms zone.
6:18 of 3rd period - Shot by Ben Harpur.
6:18 of 3rd period - Stopped by Kevin Mandolese without a rebound.
6:19 of 3rd period - Victor Rask wins face-off versus Nicolas Petan in Monsters zone.
6:52 of 3rd period - Shot by Nicolas Petan.
6:52 of 3rd period - Deflect By Carsen Twarynski.
6:52 of 3rd period - Shot Misses the Net.
6:54 of 3rd period - Shot by Mason Geertsen.
6:54 of 3rd period - Stopped by David Honzik with a rebound.
6:56 of 3rd period - Shot by Anthony Angello.
6:56 of 3rd period - Shot Misses the Net.
7:26 of 3rd period - Shot by Andrew Poturalski.
7:26 of 3rd period - Stopped by David Honzik without a rebound.
7:27 of 3rd period - Max Willman wins face-off versus Seth Griffith in Phantoms zone.
7:30 of 3rd period - Shot by Dysin Mayo.
7:30 of 3rd period - Shot Blocked by Jake Mccabe.
7:32 of 3rd period - Shot by Max Willman.
7:32 of 3rd period - Goal by Max Willman - Monsters : 5 - Phantoms : 1.
7:33 of 3rd period - Max Willman wins face-off versus Seth Griffith in neutral zone.
7:57 of 3rd period - Max Willman is hit by Jake Mccabe.
8:22 of 3rd period - Michael McCarron is hit by Mason Geertsen and loses puck.
8:35 of 3rd period - Shot by Alex Formenton.
8:35 of 3rd period - Stopped by David Honzik without a rebound.
8:36 of 3rd period - Lucas Wallmark wins face-off versus Nicolas Petan in Phantoms zone.
9:00 of 3rd period - Shot by Nicolas Petan.
9:00 of 3rd period - Goal by Nicolas Petan - Monsters : 6 - Phantoms : 1.
9:01 of 3rd period - Victor Rask wins face-off versus Nicholas Abruzzese in neutral zone.
9:17 of 3rd period - Off-side.
9:18 of 3rd period - Nicolas Petan wins face-off versus Luke Henman in neutral zone.
9:31 of 3rd period - Shot by Luke Henman.
9:31 of 3rd period - Shot Misses the Net.
10:00 of 3rd period - Carsen Twarynski is hit by Jake Mccabe and loses puck.
10:18 of 3rd period - Adam Ginning is hit by Jake Mccabe and loses puck.
10:21 of 3rd period - Shot by Nicholas Abruzzese.
10:21 of 3rd period - Stopped by David Honzik without a rebound.
10:22 of 3rd period - Max Willman wins face-off versus Victor Rask in Phantoms zone.
10:41 of 3rd period - Shot by Nathan Walker.
10:41 of 3rd period - Shot Blocked by Jarred Tinordi.
11:01 of 3rd period - Shot by Max Willman.
11:01 of 3rd period - Shot Misses the Net.
12:13 of 3rd period - Patrick Sieloff is hit by Mason Geertsen and loses puck.
12:17 of 3rd period - Icing by Alex Formenton.
12:18 of 3rd period - Nicholas Abruzzese wins face-off versus Seth Griffith in Monsters zone.
12:33 of 3rd period - Jake Mccabe is hit by Sean Day and loses puck.
12:40 of 3rd period - Shot by Michael McCarron.
12:40 of 3rd period - Stopped by Kevin Mandolese without a rebound.
12:41 of 3rd period - Luke Henman wins face-off versus Max Willman in Monsters zone.
12:56 of 3rd period - Shot by Seth Griffith.
12:56 of 3rd period - Shot Misses the Net.
12:58 of 3rd period - Shot by Jake Mccabe.
12:58 of 3rd period - Stopped by Kevin Mandolese without a rebound.
12:59 of 3rd period - Nicolas Petan wins face-off versus Lucas Wallmark in Monsters zone.
13:03 of 3rd period - Minor Penalty to Lucas Wallmark for High sticking.
13:04 of 3rd period - Seth Griffith wins face-off versus Nicolas Petan in Phantoms zone.
13:15 of 3rd period - Shot by Carsen Twarynski.
13:15 of 3rd period - Shot Misses the Net.
13:17 of 3rd period - Shot by Dysin Mayo.
13:17 of 3rd period - Stopped by David Honzik without a rebound.
13:18 of 3rd period - Seth Griffith wins face-off versus Nicolas Petan in Phantoms zone.
13:46 of 3rd period - Minor Penalty to Jake Mccabe for Delaying the game.
13:47 of 3rd period - Nicholas Abruzzese wins face-off versus Seth Griffith in Phantoms zone.
14:13 of 3rd period - Shot by Adam Ginning.
14:13 of 3rd period - Stopped by David Honzik with a rebound.
14:15 of 3rd period - Shot by Adam Ginning.
14:15 of 3rd period - Stopped by David Honzik without a rebound.
14:16 of 3rd period - Seth Griffith wins face-off versus Nicolas Petan in Phantoms zone.
14:52 of 3rd period - Shot by Carsen Twarynski.
14:52 of 3rd period - Shot Blocked by Seth Griffith.
15:16 of 3rd period - Shot by Adam Ginning.
15:16 of 3rd period - Stopped by David Honzik without a rebound.
15:17 of 3rd period - Logan Hutsko wins face-off versus Andrew Poturalski in Phantoms zone.
15:38 of 3rd period - Shot by Alex Formenton.
15:38 of 3rd period - Stopped by David Honzik without a rebound.
15:39 of 3rd period - Seth Griffith wins face-off versus Nicolas Petan in Phantoms zone.
16:05 of 3rd period - Minor Penalty to Nathan Walker for Holding.
16:06 of 3rd period - Victor Rask wins face-off versus Alex Formenton in Monsters zone.
16:26 of 3rd period - Icing by Kerby Rychel.
16:27 of 3rd period - Victor Rask wins face-off versus Nicholas Abruzzese in Phantoms zone.
16:27 of 3rd period - Victor Rask is hit by Alex Formenton.
17:30 of 3rd period - Shot by Jake Mccabe.
17:30 of 3rd period - Stopped by Kevin Mandolese without a rebound.
17:31 of 3rd period - Seth Griffith wins face-off versus Andrew Poturalski in Monsters zone.
17:34 of 3rd period - Shot by Joshua Jacobs.
17:34 of 3rd period - Shot Blocked by Andrew Poturalski.
18:31 of 3rd period - Shot by Logan Hutsko.
18:31 of 3rd period - Stopped by Kevin Mandolese without a rebound.
18:32 of 3rd period - Luke Henman wins face-off versus Nicolas Petan in Monsters zone.
19:29 of 3rd period - Nicolas Petan is hit by Luke Henman and loses puck.
19:35 of 3rd period - Mason Geertsen is hit by Ben Harpur and loses puck.
Goals for this period are 2 for Monsters vs 0 for Phantoms.
Shots for this period are 15 for Monsters vs 6 for Phantoms.